 Dungeon Crawl Stone Soup version 0.23.2 (webtiles) character file.

Game seed: 12303021800119202872

139 Borgoz the Cutter (level 5, -1/32 HPs)
             Began as a Gargoyle Gladiator on Apr 13, 2019.
             Was an Initiate of Ashenzari.
             Splashed by a goblin's acid (13 damage)
             ... on level 3 of the Dungeon.
             The game lasted 00:02:58 (2018 turns).

Borgoz the Cutter (Gargoyle Gladiator)              Turns: 2018, Time: 00:03:00

Health: -1/32      AC: 13    Str: 20    XL:     5   Next: 22%
Magic:  5/5        EV:  7    Int:  9    God:    Ashenzari [......]
Gold:   119        SH:  0    Dex: 12    Spells: 4/4 levels left

rFire    . . .     SeeInvis .   a - +0 rapier
rCold    . . .     Gourm    .   (no shield)
rNeg     + . .     Faith    .   l - +0 plate armour
rPois    ∞         Spirit   .   c - +0 helmet
rElec    +         Reflect  .   b - +0 cloak
rCorr    .         Harm     .   (no gloves)
MR       .....                  (no boots)
Stlth    ..........             (no amulet)
HPRegen  0.10/turn              k - +3 ring of strength
MPRegen  0.09/turn              j - ring of attention (curse)

@: corroded
A: negative energy resistance 1, electricity resistance, unbreathing,
petrification resistance, rot immunity, AC +4
a: Curse Item, Renounce Religion


You were on level 3 of the Dungeon.
You worshipped Ashenzari.
Ashenzari was noncommittal.
You were not hungry.

You visited 1 branch of the dungeon, and saw 3 of its levels.

You collected 119 gold pieces.

Inventory:

Hand Weapons
 a - a +0 rapier (weapon)
Missiles
 d - 2 throwing nets (quivered)
Armour
 b - a +0 cloak (worn)
 c - a +0 helmet (worn)
 l - a +0 plate armour (worn)
Jewellery
 g - an uncursed ring of positive energy
 j - a cursed ring of attention (right hand)
 k - a +3 ring of strength (left hand)
Scrolls
 e - 2 scrolls of identify {unknown}
 i - 2 scrolls of magic mapping {unknown}
 n - a scroll of amnesia {unknown}
 q - a scroll of fog {unknown}
 r - a scroll of random uselessness {unknown}
 t - a scroll of fear {unknown}
Potions
 h - a potion of lignification {unknown}
 m - a potion of agility {unknown}
 o - a potion of brilliance {unknown}
 p - a potion of ambrosia {unknown}
 s - a potion of haste {unknown}
Comestibles
 f - 4 rations
 u - 5 chunks of flesh


   Skills:
 + Level 3.1 Fighting
 * Level 3.7 Short Blades
 - Level 1.7 Throwing
 + Level 1.9 Armour
 * Level 3.3 Dodging


You had 4 spell levels left.
You didn't know any spells.
Your spell library was empty.

Dungeon Overview and Level Annotations

Branches:
Dungeon (3/15)

Altars:
Ashenzari
Yredelemnul
Zin


Innate Abilities, Weirdness & Mutations

You are resistant to torment.
Your stone body is resilient. (AC +4)
You are immune to poison.
You resist negative energy. (rN+)
You are resistant to electric shocks. (rElec)
You can survive without breathing.
You are immune to petrification.
You are immune to rotting.


Message History

The frilled lizard bites you but does no damage.
You barely miss the frilled lizard.
The goblin zaps a wand.
The bolt of acid hits you but does no damage.
The acid corrodes you!
You are splashed with acid.
The frilled lizard barely misses you.
Your plate armour prevents you from hitting the frilled lizard.
The frilled lizard closely misses you.
You completely miss the frilled lizard.
A jackal comes into view.
The kobold hits you but does no damage.
An orc comes into view. It is wielding a +0 club.
The frilled lizard bites you but does no damage.
You closely miss the frilled lizard.
The jackal barks!
The kobold barely misses you. The frilled lizard barely misses you.
The goblin zaps a wand.
The bolt of acid hits the kobold!
The kobold is splashed with acid!
The acid corrodes the kobold!
The kobold dies!
The bolt of acid hits you!
You are splashed with acid!
You die...

## #...# ###### #...#
#....# #...# #....#
###...######....####
.'...'....'....)...
#...#.÷..#....###.
..#####.^.#....########.
..h...l@....<...........
......)###....##########
.o..g.w #....# # .......
#....# # ...w... #....#
# ..(.... #....# .......
.....# ###### .......
.....# ...... ......


You could see 2 worms, an orc, a jackal, a goblin and a frilled lizard.

Vanquished Creatures
  Crazy Yiuf (D:2)
  A hound (D:3)
  An adder (D:3)
  An ooze (D:3)
  3 dart slugs
  A leopard gecko (D:2)
  5 orcs (D:3)
  7 bats
  A giant cockroach (D:1)
  10 goblins
  9 hobgoblins
  3 jackals (D:3)
  5 kobolds
  4 rats
  A fungus (D:2)
53 creatures vanquished.

Vanquished Creatures (others)
  A kobold (D:3)
1 creature vanquished.

Grand Total: 54 creatures vanquished

Notes
Turn   | Place    | Note
-------+----------+-------------------------------------------
     0 | D:1      | Borgoz the Gargoyle Gladiator began the quest for the Orb.
     0 | D:1      | Reached XP level 1. HP: 12/12 MP: 1/1
   255 | D:1      | Reached XP level 2. HP: 18/18 MP: 2/2
   597 | D:1      | Reached XP level 3. HP: 8/22 MP: 3/3
   956 | D:1      | Reached skill level 1 in Armour
  1132 | D:2      | Found a glowing silver altar of Zin.
  1172 | D:2      | Found a shattered altar of Ashenzari.
  1187 | D:2      | Became a worshipper of Ashenzari the Shackled
  1570 | D:2      | Found a runed translucent door.
  1571 | D:2      | Noticed Crazy Yiuf
  1592 | D:2      | Killed Crazy Yiuf
  1592 | D:2      | Reached XP level 4. HP: 21/27 MP: 4/4
  1729 | D:3      | Found a basalt altar of Yredelemnul.
  1847 | D:3      | Reached XP level 5. HP: 30/32 MP: 5/5
  2018 | D:3      | Splashed by a goblin's acid

Skill      XL: |  1  2  3  4 |
---------------+-------------+-----
Short Blades   | 3 |  3.7
Armour         | 1 |  1.9
Dodging        | 3 |  3.3
Fighting       | 3 |  3.1
Throwing       | |  1.7

Action                   |  1- 3 |  4- 6 || total
-------------------------+-------+-------++-------
Melee: Rapier            |   132 |    83 ||   215
Throw: Throwing net      |     1 |       ||     1
  Eat: Chunk             |     2 |     2 ||     4
Armor: Leather armour    |    32 |       ||    32
       Skin              |     5 |       ||     5
       Plate armour      |     2 |    65 ||    67
Dodge: Dodged            |    84 |    35 ||   119
Block: Buckler           |     9 |       ||     9
